 Dungeon Crawl Stone Soup version 0.25-a0-1133-g93ebf739aa (webtiles) character file.

Game seed: 523630536485237355, levelgen mode: deterministic

190 Flugslaktarn the Covered (level 5, -2/33 HPs)
             Began as a Gargoyle Fighter on May 20, 2020.
             Slain by a hornet zombie (7 damage)
             ... on level 5 of the Dungeon.
             The game lasted 00:02:54 (751 turns).

Flugslaktarn the Covered (Gargoyle Fighter)          Turns: 751, Time: 00:02:55

Health: -2/33      AC: 11    Str: 20    XL:     5   Next: 69%
Magic:  5/5        EV:  7    Int:  9    God:
Gold:   85         SH:  9    Dex:  9    Spells: 4/4 levels left

rFire    . . .     SeeInvis .   a - +0 war axe
rCold    . . .     Gourm    .   c - +0 kite shield
rNeg     + . .     Faith    .   b - +0 scale mail
rPois    ∞         Spirit   .   (no helmet)
rElec    +         Reflect  .   o - scarf {+Inv}
rCorr    .         Harm     .   (no gloves)
MR       .....                  (no boots)
Stlth    ..........             (no amulet)
HPRegen  0.11/turn              (no ring)
MPRegen  0.09/turn              (no ring)

@: no status effects
A: negative energy resistance 1, electricity resistance, unbreathing,
petrification resistance, rot immunity, AC +4
a: Evoke Invisibility


You were on level 5 of the Dungeon.
You were not hungry.

You visited 1 branch of the dungeon, and saw 5 of its levels.

You collected 85 gold pieces.

Inventory:

Hand Weapons
 a - a +0 war axe (weapon)
Missiles
 q - 6 silver javelins (quivered)
Armour
 b - a +0 scale mail (worn)
 c - a +0 kite shield (worn)
 o - a scarf of invisibility (worn)
   (You found it on level 4 of the Dungeon)
Jewellery
 g - an uncursed ring of flight {unknown}
   (You found it on level 1 of the Dungeon)
Scrolls
 f - 2 scrolls of teleportation {unknown}
 h - 2 scrolls of fog {unknown}
 i - 3 scrolls of identify {unknown}
 k - a scroll of fear {unknown}
 l - 2 scrolls of remove curse {unknown}
 n - 2 scrolls of blinking {unknown}
Potions
 d - a potion of might
 j - a potion of degeneration {unknown}
 m - a potion of lignification {unknown}
 p - a potion of ambrosia {unknown}
Comestibles
 e - 2 rations


   Skills:
 + Level 4.2 Fighting
 * Level 3.5 Axes
 + Level 4.2 Armour
 + Level 4.2 Shields


You had 4 spell levels left.
You didn't know any spells.
Your spell library was empty.

Dungeon Overview and Level Annotations

Branches:
Dungeon (5/15)
 Temple: D:4-7

Altars:


Innate Abilities, Weirdness & Mutations

You are resistant to torment.
Your stone body is resilient. (AC +4)
You are immune to poison.
You resist negative energy. (rN+)
You are resistant to electric shocks. (rElec)
You can survive without breathing.
You are immune to petrification.
You are immune to rotting.


Message History

The hornet zombie hits you but does no damage. x2
You barely miss the hornet zombie.
The hornet zombie is heavily damaged.
The hornet zombie hits you but does no damage.
You block the hornet zombie's attack.
You slash the hornet zombie!
The hornet zombie is severely damaged.
The hornet zombie hits you! The hornet zombie hits you.
* * * LOW HITPOINT WARNING * * *
You are too injured to fight recklessly!
You are too injured to fight recklessly!
You closely miss the hornet zombie.
The hornet zombie is severely damaged.
The hornet zombie hits you.
* * * LOW HITPOINT WARNING * * *
You closely miss the hornet zombie.
The hornet zombie is severely damaged.
The hornet zombie hits you but does no damage.
The hornet zombie hits you!
You die...

.. ######........#
.#...# ##.....(.# ....
#......<# .....
#..##)### .....
##.##.# ......
#.##.### #.....#
#..#...#
......Z##########....#
.......@.............#
.......####..######..#
!.....# #...## #>.#
.........[### #..#
#.######## #..# . ####


You could see a hornet zombie.

Vanquished Creatures
  A centaur (D:5)
  2 adders
  4 gnolls (D:3)
  An ooze (D:5)
  3 worms
  A dart slug (D:1)
  3 leopard geckos
  6 bats
  A giant cockroach (D:1)
  4 goblins
  4 hobgoblins
  3 jackals
  A quokka (D:2)
  A ball python (D:3)
  3 frilled lizards
  3 kobolds
  A leopard gecko zombie (D:5)
  3 rats
45 creatures vanquished.

Notes
Turn   | Place    | Note
-------+----------+-------------------------------------------
     0 | D:1      | Flugslaktarn the Gargoyle Fighter began the quest for the
                  | Orb.
     0 | D:1      | Reached XP level 1. HP: 14/14 MP: 1/1
    91 | D:2      | Reached XP level 2. HP: 9/19 MP: 2/2
   304 | D:1      | Reached XP level 3. HP: 18/23 MP: 3/3
   431 | D:3      | Reached XP level 4. HP: 23/29 MP: 4/4
   673 | D:5      | Entered Level 5 of the Dungeon
   674 | D:5      | Noticed a centaur
   686 | D:5      | Killed a centaur
   686 | D:5      | Reached XP level 5. HP: 20/33 MP: 5/5
   751 | D:5      | Slain by a hornet zombie

Illustrated notes

Levels and vault maps discovered:
D:1:      dpeg_arrival_houses_and_road, layout_rooms,
          minmay_misc_feat_secret_circle, minmay_misc_feat_roman
D:2:      layout_rooms, first_ration
D:3:      layout_rooms, minitemple
D:4:      layout_rooms, minmay_temple_entry_tees, hangedman_glass_teeth
D:5:      layout_rooms

Skill      XL: |  1  2  3  4 |
---------------+-------------+-----
Axes           | 2 3 |  3.5
Fighting       | 4 |  4.2
Armour         | 4 |  4.2
Shields        | 4 |  4.2

Action                   |  1- 3 |  4- 6 || total
-------------------------+-------+-------++-------
Melee: War axe           |    79 |   100 ||   179
Armor: Scale mail        |    53 |    50 ||   103
Dodge: Dodged            |    30 |    40 ||    70
Block: Kite shield       |    55 |    65 ||   120

Table legend:
 A = Non-vault XP
 B = Vault XP
 C = Vault XP percentage of total XP
 D = Non-vault monster count
 E = Vault monster count
 F = Vault count percentage of total count
                 A         B        C        D         E       F
            +---------+---------+-------+---------+---------+-------
      Total |     272 |       0 |   0.0 |      45 |       0 |   0.0
            +---------+---------+-------+---------+---------+-------
        D:1 |      25 |       0 |   0.0 |      13 |       0 |   0.0
        D:2 |      27 |       0 |   0.0 |      12 |       0 |   0.0
        D:3 |      86 |       0 |   0.0 |      13 |       0 |   0.0
        D:4 |      18 |       0 |   0.0 |       4 |       0 |   0.0
        D:5 |     116 |       0 |   0.0 |       3 |       0 |   0.0
            +---------+---------+-------+---------+---------+-------
